 Dungeon Crawl Stone Soup version 0.20.1-1-g8b1a95d (webtiles) character file.

83 Knicklaso the Poker (level 4, -5/28 HPs)
             Began as a Tengu Berserker on July 21, 2017.
             Was a Follower of Trog.
             Killed by divine providence
             ... invoked by an orc priest
              (14 damage)
             ... on level 3 of the Dungeon.
             The game lasted 00:03:46 (1703 turns).

Knicklaso the Poker (Tengu Berserker)               Turns: 1703, Time: 00:03:47

Health: -5/28      AC:  6    Str: 18    XL:     4   Next: 44%
Magic:  5/5        EV: 11    Int:  8    God:    Trog [*.....]
Gold:   121        SH:  0    Dex: 13    Spells: 3/3 levels left

rFire    . . .     SeeInvis .   a - +0 spear
rCold    . . .     Gourm    .   (no shield)
rNeg     . . .     Faith    .   m - +0 scale mail
rPois    .         Spirit   .   (helmet restricted)
rElec    .         Reflect  .   (no cloak)
rCorr    .         Harm     .   (no gloves)
MR       +....     Rnd*Tele +   (boots unavailable)
Stlth    ..........             (no amulet)
Regen    0.1/turn               e - ring of protection from magic
MPRegen  0.1/turn               h - ring of teleportation (curse)

@: no status effects
A: beak, talons 3
a: Berserk, Burn Spellbooks, Renounce Religion


You were on level 3 of the Dungeon.
You worshipped Trog.
Trog was aware of your devotion.
You were hungry.

You visited 1 branch of the dungeon, and saw 3 of its levels.

You collected 121 gold pieces.

Inventory:

Hand Weapons
 a - a +0 spear (weapon)
Armour
 b - a +0 animal skin
 m - a +0 scale mail (worn)
Jewellery
 e - a ring of protection from magic (left hand)
 h - a cursed ring of teleportation (right hand)
 s - a +2 ring of intelligence {unknown}
Scrolls
 f - a scroll of amnesia {unknown}
 g - 3 scrolls of remove curse {unknown}
 i - 3 scrolls of blinking {unknown}
 j - 3 scrolls of teleportation {unknown}
 l - 2 scrolls of magic mapping {unknown}
 n - a scroll of identify {unknown}
 t - a scroll of noise {unknown}
Potions
 d - 2 potions of lignification {unknown}
 k - a potion of agility {unknown}
 o - a potion of flight {unknown}
 p - a potion of ambrosia {unknown}
 q - a potion of brilliance {unknown}
 u - a potion of curing {unknown}
Comestibles
 c - 2 bread rations
 r - 2 meat rations


   Skills:
 + Level 3.6 Fighting
 * Level 4.4 Polearms
 - Level 2.1 Armour
 + Level 3.2 Dodging


You had 3 spell levels left.
You didn't know any spells.

Dungeon Overview and Level Annotations

Branches:
Dungeon (3/15)

Altars:


Innate Abilities, Weirdness & Mutations

You have a beak for a mouth.
You have claws for feet.


Message History

Your scale mail prevents you from hitting the orc priest.
You claw the orc priest, but do no damage.
You peck the orc priest, but do no damage.
The orc priest is lightly wounded.
Your scale mail prevents you from hitting the orc priest.
The orc priest is lightly wounded.
The orc priest hits you with a dagger.
You hit the orc priest but do no damage.
You claw the orc priest.
The orc priest is heavily wounded.
The orc priest hits you with a dagger.
You hit the orc priest. You claw the orc priest.
The orc priest is severely wounded.
The orc priest barely misses you.
You closely miss the orc priest. You claw the orc priest.
The orc priest is almost dead.
The orc priest invokes the aid of Beogh against you.
Beogh smites you!
Ouch! That really hurt!
You die...

######### o
#....@o.# ..>
#.#####.#
######...># #.#
#.####...o.....#
#.#
#..†...###.....#
#.# #.######
###.. #.#####.#
#......(#
####.#### #.#


You could see an orc priest.

Vanquished Creatures
  4 adders
  A worm (D:3)
  3 dart slugs
  4 leopard geckos
  An orc (D:3)
  A giant cockroach (D:2)
  7 goblins
  4 hobgoblins
  3 kobolds
  A bat (D:1)
  3 frilled lizards
  A rat (D:2)
33 creatures vanquished.

Notes
Turn   | Place    | Note
-------+----------+-------------------------------------------
     0 | D:1      | Knicklaso the Tengu Berserker began the quest for the Orb.
     0 | D:1      | Reached XP level 1. HP: 14/14 MP: 2/2
    91 | D:1      | Reached XP level 2. HP: 15/19 MP: 3/3
   492 | D:2      | Reached skill level 4 in Polearms
   492 | D:2      | Reached XP level 3. HP: 15/23 MP: 4/4
  1291 | D:3      | Reached XP level 4. HP: 26/28 MP: 5/5
  1441 | D:3      | Noticed a sky beast
  1703 | D:3      | Killed from afar by an orc priest

Skill      XL: |  1  2  3 |
---------------+----------+-----
Polearms       | 4 |  4.4
Dodging        | 3 |  3.2
Fighting       | |  3.6
Armour         | |  2.1

Action                   |  1- 3 |  4- 6 || total
-------------------------+-------+-------++-------
Melee: Spear             |    80 |    31 ||   111
       Kick              |    13 |     9 ||    22
       Peck              |    13 |     6 ||    19
 Stab: Sleeping          |     1 |       ||     1
  Eat: Chunk             |     1 |     1 ||     2
Armor: Animal skin       |     3 |       ||     3
       Scale mail        |     9 |     8 ||    17
Dodge: Dodged            |    20 |     7 ||    27
